 Dungeon Crawl Stone Soup version 0.29.1-12-g30fa7ad0bf (webtiles) character file.

Game seed: 4157338125696637422

133281 GeoRichter the Severer (level 17, -3/158 HPs)
             Began as a Hill Orc Berserker on Dec 22, 2022.
             Was the Champion of Trog.
             Succumbed to a swamp dragon's poison gas
             ... on level 4 of the Swamp.
             The game lasted 00:46:35 (27138 turns).

GeoRichter the Severer (Hill Orc Berserker)        Turns: 27138, Time: 00:46:35

Health: -3/158     AC: 25    Str: 26    XL:     17   Next: 14%
Magic:  8/17       EV: 14    Int: 13    God:    Trog [******]
Gold:   767        SH: 11    Dex: 19    Spells: 16/16 levels left

rFire   + + .      SeeInvis .   T - +10 broad axe of the Thirsty Tables {distort, rElec Int+6 Dex+7}
rCold   + . .      Faith    .   c - +0 buckler {rF+}
rNeg    . . .      Spirit   .   V - +8 chain mail of Wureu {rF+}
rPois   .          Reflect  +   (no helmet)
rElec   +          Harm     .   U - +0 cloak "Goum" {Regen+}
rCorr   .          Rampage  .   A - +1 pair of gloves {infuse}
Will    ++...                   (no boots)
Stlth   ..........              p - amulet of reflection
HPRegen 1.16/turn               O - ring of protection from cold
MPRegen 0.15/turn               y - ring of willpower

@: lethally poisoned (-3 -> -56), on berserk cooldown, slowed, very slow
A: no striking features
a: Renounce Religion, Berserk, Trog's Hand, Brothers in Arms


You were on level 4 of the Swamp.
You worshipped Trog.
Trog was exalted by your worship.
You visited 4 branches of the dungeon, and saw 22 of its levels.
You also visited: Bailey and Gauntlet.

You collected 2336 gold pieces.
You spent 1569 gold pieces at shops.

Inventory:

Hand Weapons
 a - a +1 broad axe of draining
   (You took it off a vault guard in a bailey)
 b - a +4 antimagic morningstar
   (You took it off a minotaur in a Gauntlet)
 N - a +3 antimagic battleaxe
   (Trog gifted it to you on level 5 of the Lair of Beasts)
 T - the +10 broad axe of the Thirsty Tables (weapon) {distort, rElec Int+6 Dex+7}
   (You bought it in a shop on level 2 of the Orcish Mines)

   It warps and distorts space around it, and may blink, banish, or inflict
   extra damage upon those it strikes.
   Unwielding it can cause banishment or high damage.
   Int:       It affects your intelligence (+6).
   Dex:       It affects your dexterity (+7).
   rElec:     It insulates you from electricity.
Missiles
 z - 9 boomerangs (quivered)
 Q - 3 throwing nets {!f}
 X - 3 javelins
Armour
 c - a +0 buckler of fire resistance (worn)
   (You found it on level 1 of the Dungeon)
 A - a +1 pair of gloves of infusion (worn)
   (You bought it in a shop on level 3 of the Dungeon)
 E - +0 acid dragon scales
   (You found it on level 11 of the Dungeon)
 U - the +0 cloak "Goum" (worn) {Regen+}
   (You found it in a Gauntlet)

   Regen:     It increases your rate of health regeneration.
 V - the +8 chain mail of Wureu (worn) {rF+}
   (You bought it in a shop on level 2 of the Orcish Mines)

   rF:        It protects you from fire.
Jewellery
 p - an amulet of reflection (around neck)
   (You found it in a Gauntlet)
 y - a ring of willpower (right hand)
   (You found it on level 5 of the Dungeon)
 I - the ring "Fiohec Zurph" {*Corrode +Blink Int+4 SInv}
   (You took it off a minotaur in a Gauntlet)

   [ring of see invisible]

   Int:       It affects your intelligence (+4).
   SInv:      It lets you see invisible.
   +Blink:    It lets you blink.
   *Corrode:  It may corrode you when you take damage.
 L - a ring of protection from fire
   (You found it on level 8 of the Dungeon)
 M - a ring of resist corrosion
   (You found it on level 8 of the Dungeon)
 O - a ring of protection from cold (left hand)
   (You found it on level 10 of the Dungeon)
Wands
 f - a wand of acid (10)
   (You found it on level 3 of the Lair of Beasts)
 D - a wand of charming (1)
   (You found it on level 4 of the Lair of Beasts)
 F - a wand of mindburst (6)
   (You found it on level 5 of the Lair of Beasts)
Scrolls
 d - 5 scrolls of enchant armour
 g - 7 scrolls of magic mapping
 h - 4 scrolls of enchant weapon
 j - 17 scrolls of teleportation {@r4}
 l - a scroll of identify {@r1}
 q - 6 scrolls of poison {!r}
 r - 4 scrolls of silence
 s - a scroll of summoning
 u - 2 scrolls of immolation {!r}
 w - a scroll of blinking
 G - 2 scrolls of brand weapon
 J - 2 scrolls of fog
 K - a scroll of vulnerability {!r}
 Z - 5 scrolls of fear
Potions
 e - 4 potions of attraction {!q}
 i - 6 potions of flight
 m - 6 potions of curing {@q1}
 n - 4 potions of resistance
 o - 4 potions of cancellation
 t - 6 potions of haste {@q3}
 v - a potion of mutation {!q}
 x - 6 potions of heal wounds {@q2}
 B - 3 potions of might
 C - 3 potions of lignification {!q}
 H - 2 potions of magic
 R - 3 potions of berserk rage
 Y - a potion of invisibility
Miscellaneous
 P - a lightning rod (3/4) {!a}
   (You found it on level 5 of the Lair of Beasts)
 S - a phial of floods
   (You found it in a Gauntlet)
 W - a phantom mirror (inert)
   (You found it in a Gauntlet)


   Skills:
 * Level 16.1 Fighting
 - Level 20.6 Axes
 * Level 7.4 Throwing
 + Level 14.3 Armour
 + Level 9.4 Dodging
 - Level 6.0 Shields
 + Level 7.7 Evocations


You had 16 spell levels left.
You didn't know any spells.
Your spell library was empty.

Dungeon Overview and Level Annotations

Branches:
Dungeon (11/15) Zot: 25819  Temple (0/1) D:4            Lair (5/5) D:11 Zot: 22451
  Swamp (4/4) Lair:3 Zot: 20627  Spider (0/4) Lair:2        Slime (0/5) Lair:5
    Orc (2/2) D:11 Zot: 10069     Elf (0/3) Orc:2        Bailey (visited)
Gauntlet (visited)

Altars:
Cheibriados
Dithmenos
Hepliaklqana
Makhleb
Qazlal
Ru
Sif Muna
Trog
Uskayaw
Xom
Yredelemnul
Zin
Beogh
Jiyva

Shops:
D:3 :(:[   D:7 !   D:9 (   Orc:1 (   Orc:2 (?[(

Annotations:
D:10 2 runed translucent doors, ChadusMaximus's ghost, journeyman MiFi


Message History

You carve the eight-headed hydra like a ham!!!
Space warps around the eight-headed hydra.
You are engulfed in poison gas.
You are lethally poisoned!
* * * LOW HITPOINT WARNING * * *
* * * LOW HITPOINT WARNING * * *
You feel extremely sick.
You block the eight-headed hydra's attack.
The eight-headed hydra bites you but does no damage.
The eight-headed hydra bites you.
* * * LOW HITPOINT WARNING * * *
The eight-headed hydra bites you but does no damage.
You block the eight-headed hydra's attack.
The eight-headed hydra closely misses you.
The eight-headed hydra bites you but does no damage.
The eight-headed hydra closely misses you.
You are too berserk!
You are engulfed in poison gas.
You are more poisoned.
* * * LOW HITPOINT WARNING * * *
* * * LOW HITPOINT WARNING * * *
You feel extremely sick.
The ten-headed hydra bites you but does no damage.
The ten-headed hydra closely misses you.
You block the ten-headed hydra's attack.
The ten-headed hydra misses you.
You block the ten-headed hydra's attack.
The ten-headed hydra misses you. x2; The ten-headed hydra bites you.
* * * LOW HITPOINT WARNING * * *
The ten-headed hydra barely misses you. The ten-headed hydra bites you!
* * * LOW HITPOINT WARNING * * *
The eight-headed hydra bites you but does no damage.
The eight-headed hydra bites you.
* * * LOW HITPOINT WARNING * * *
You block the eight-headed hydra's attack.
The eight-headed hydra bites you but does no damage. x3
The eight-headed hydra closely misses you. x2
You feel a strong urge to attack something.
* * * LOW HITPOINT WARNING * * *
You feel extremely sick.
You are too berserk!
Unknown command.
* * * LOW HITPOINT WARNING * * *
You feel extremely sick.
You are too berserk!
Unknown command.
You feel your anger nearly subside.
You are no longer berserk.
You are exhausted.
You feel yourself slow down.
You die...

♣..~.[..♣...~.♣.♣♣♣♣~~~...~~♣..~~
.......~#~....~............♣♣..~~
.....~.~).~♣~≈...~~..#...~~♣♣~~~§
♣...≈~≈~~.~~♣♣♣...~.....§~~♣♣♣♣.~
≈≈~#~≈≈#../♣♣♣≈.~≈♣♣~≈^.~~.♣ ♣~.
♣~≈≈≈≈♣~≈#♣♣♣....♣♣♣♣..#~~~.♣ ♣♣.
♣~≈≈≈≈♣≈≈≈≈♣.#...~♣♣♣.....~♣♣ ♣.
♣♣≈~~♣♣♣≈♣♣.≈#...#.♣♣♣..~.♣♣ ♣~
♣♣#♣ ♣♣♣♣≈###~@#≈♣ ♣♣.~♣♣ ♣♣ #
##.###. ♣♣♣ ♣♣ #..~# ≈♣ ♣.
##DD##♣♣ ♣[ #DD.≈# ♣♣~ ~~≈~~†D≈°#
♣~~ ~~≈~.°$≈≈≈# ♣~~ ≈≈#~~≈≈~≈#≈#
♣.~ ...^~...#≈## ♣♣♣♣♣ ♣.~


You could see a ten-headed hydra, an eight-headed hydra and 2 swamp dragons.

Vanquished Creatures
  2 bunyips (Swamp:3)
  A minotaur (Gauntlet)
  Snorg (D:10)
  Harold (Orc:1)
  5 hydras
  2 boulder beetles (Lair:1)
  2 vault guards (Bailey)
  5 ogre magi (Orc:2)
  A ghost crab (Swamp:2)
  A catoblepas (Lair:5)
  4 death yaks (Lair:5)
  A tengu warrior (Swamp:1)
  2 alligators
  20 two-headed ogres
  2 orc high priests
  Nergalle (D:10)
  Amaemon (D:10)
  2 sixfirhies (Gauntlet)
  A fire crab (Lair:4)
  2 spriggan druids (Swamp:3)
  7 swamp dragons
  2 goliath frogs
  A wizard (Gauntlet)
  A bog body (Swamp:1)
  A necromancer (Gauntlet)
  3 wolf spiders (Lair:2)
  2 will-o-the-wisps (Swamp:3)
  11 elephants
  An orange demon (D:10)
  3 black mambas
  2 torpor snails
  Maggie (D:7)
  19 cane toads
  5 komodo dragons
  2 rime drakes
  3 trolls
  A tengu conjurer (Swamp:1)
  10 tyrant leeches
  A polar bear (Lair:5)
  10 hornets
  Prince Ribbit (Bailey)
  26 blink frogs
  Grinder (D:5)
  A jumping spider (Lair:2)
  Sigmund (D:5)
  4 spriggans
  A culicivora (Lair:2)
  2 wraiths (D:11)
  2 shadows
  Eustachio (D:5)
  43 yaks
  2 humans (Bailey)
  A steam dragon (D:6)
  2 basilisks
  Menkaure (D:5)
  8 vampire mosquitoes
  2 wargs (Orc:1)
  13 swamp worms
  An acid dragon (D:11)
  17 water moccasins
  Duvessa (D:7)
  6 swamp drakes
  An ice beast (D:5)
  23 orc warriors
  2 sky beasts
  2 black bears
  19 ogres
  13 wolves
  3 centaurs
  A phantom (D:5)
  26 bullfrogs
  3 kobold brigands
  4 necrophages
  5 wights (D:10)
  2 scorpions
  Dowan (D:7)
  12 killer bees
  An electric eel (Lair:5)
  7 howler monkeys
  A bullfrog zombie (D:5)
  A centaur zombie (D:5)
  An iron imp (D:8)
  19 orc priests
  A jelly (D:6)
  Crazy Yiuf (D:6)
  5 hounds
  Terence (D:2)
  3 iguanas
  26 orc wizards
  2 scorpion zombies (D:5)
  A killer bee zombie (D:5)
  7 adders
  2 shadow imps
  A white imp (Gauntlet)
  An ufetubus (D:4)
  3 worms
  3 dart slugs
  68 orcs
  5 endoplasms
  5 giant cockroaches
  13 goblins
  9 hobgoblins
  4 jackals
  14 kobolds
  6 quokkas
  10 ball pythons
  5 bats
  6 frilled lizards
  4 rats
633 creatures vanquished.

Vanquished Creatures (collateral kills)
  2 hydras (Swamp:4)
  2 two-headed ogres (Orc:2)
  2 swamp dragons (Swamp:4)
  A swamp drake (Swamp:4)
  4 ogres (Orc:2)
  An orc (Orc:2)
12 creatures vanquished.

Vanquished Creatures (others)
  2 bloated husks (Swamp:3)
  2 orc wizards
  14 foxfires (Swamp:3)
  31 fungi
  119 plants
168 creatures vanquished.

Grand Total: 813 creatures vanquished

Notes
Turn   | Place    | Note
-------+----------+-------------------------------------------
     0 | D:1      | GeoRichter the Hill Orc Berserker began the quest for the
                  | Orb.
     0 | D:1      | Reached XP level 1. HP: 19/19 MP: 1/1
   298 | D:1      | Reached XP level 2. HP: 14/27 MP: 2/2
   720 | D:1      | Reached skill level 5 in Axes
   778 | D:1      | Reached XP level 3. HP: 29/33 MP: 3/3
   779 | D:1      | Reached ** piety under Trog
  1162 | D:1      | Found a faded altar of an unknown god.
  1637 | D:2      | Found a snail-covered altar of Cheibriados.
  1775 | D:2      | Reached XP level 4. HP: 38/41 MP: 4/4
  1960 | D:2      | Reached skill level 6 in Axes
  2243 | D:2      | Noticed Terence
  2260 | D:2      | Killed Terence
  2456 | D:2      | Reached XP level 5. HP: 47/47 MP: 1/5
  2959 | D:3      | Found Zeyttice's Antique Weapon Boutique.
  3033 | D:3      | Found Ramut's Book Boutique.
  3216 | D:3      | Reached skill level 5 in Fighting
  3216 | D:3      | Reached skill level 7 in Axes
  3520 | D:3      | Found a bloodstained altar of Trog.
  3586 | D:3      | Found Moutur's Antique Armour Shop.
  3600 | D:3      | Found Wiupp's Book Emporium.
  3805 | D:3      | Found a hide-covered altar of Uskayaw.
  3805 | D:3      | Found a faded altar of an unknown god.
  3816 | D:3      | Found a sacrificial altar of Ru.
  3835 | D:3      | Found a shadowy altar of Dithmenos.
  3837 | D:3      | Found a faded altar of an unknown god.
  3999 | D:4      | Reached *** piety under Trog
  4000 | D:4      | Reached XP level 6. HP: 38/52 MP: 2/6
  4139 | D:4      | Reached skill level 8 in Axes
  4728 | D:4      | Found a staircase to the Ecumenical Temple.
  4777 | D:5      | Entered Level 5 of the Dungeon
  4814 | D:5      | Noticed an ice beast
  4824 | D:5      | Killed an ice beast
  4825 | D:5      | Reached XP level 7. HP: 63/63 MP: 2/7
  4849 | D:5      | Reached skill level 9 in Axes
  4854 | D:5      | Found a basalt altar of Yredelemnul.
  4954 | D:5      | Noticed Sigmund
  4960 | D:5      | Noticed Grinder
  4965 | D:5      | Killed Sigmund
  4966 | D:5      | Reached skill level 1 in Shields
  4966 | D:5      | Noticed Menkaure
  4977 | D:5      | Killed Grinder
  4978 | D:5      | Reached skill level 10 in Axes
  4978 | D:5      | Reached XP level 8. HP: 44/71 MP: 2/8
  4984 | D:5      | Killed Menkaure
  5266 | D:3      | Bought a pair of embroidered gloves for 195 gold pieces
  5595 | D:5      | Noticed Eustachio
  5616 | D:5      | Killed Eustachio
  5850 | D:5      | Reached skill level 11 in Axes
  6162 | D:6      | Reached XP level 9. HP: 75/79 MP: 0/9
  6392 | D:6      | Identified the +3 hand axe "Vuitefeu" {drain, +Blink rC+
                  | MP+9}
  6505 | D:6      | Found a shimmering altar of Xom.
  7205 | D:6      | Found a runed translucent door.
  7206 | D:6      | Noticed Crazy Yiuf
  7214 | D:6      | Killed Crazy Yiuf
  7358 | D:7      | Noticed Maggie
  7371 | D:7      | Killed Maggie
  7401 | D:7      | Reached skill level 12 in Axes
  7655 | D:7      | Found a glowing silver altar of Zin.
  7690 | D:7      | Noticed Duvessa
  7696 | D:7      | Noticed Dowan
  7701 | D:7      | Killed Duvessa
  7702 | D:7      | Reached skill level 5 in Armour
  7703 | D:7      | Killed Dowan
  7979 | D:7      | Found Witadd's Distillery.
  7987 | D:7      | Bought a potion of heal wounds for 65 gold pieces
  8514 | D:8      | Reached **** piety under Trog
  8537 | D:8      | Reached XP level 10. HP: 26/90 MP: 1/10
  8780 | D:8      | Found a flagged portal.
  8791 | Bailey   | Entered a bailey
  8842 | Bailey   | Reached skill level 5 in Shields
  8919 | Bailey   | Reached skill level 13 in Axes
  9103 | Bailey   | Noticed a vault guard
  9103 | Bailey   | Noticed Prince Ribbit
  9113 | Bailey   | Killed Prince Ribbit
  9118 | Bailey   | Killed a vault guard
  9196 | Bailey   | Noticed a vault guard
  9218 | Bailey   | Killed a vault guard
  9566 | D:8      | Found a hazy altar of Hepliaklqana.
  9679 | D:8      | Found a snail-covered altar of Cheibriados.
  9812 | D:9      | Noticed a two-headed ogre
  9821 | D:9      | Killed a two-headed ogre
  9822 | D:9      | Reached skill level 14 in Axes
  9822 | D:9      | Reached skill level 5 in Dodging
  9968 | D:9      | Found Xytiryimm's Antique Weapon Shop.
  9974 | D:9      | Reached XP level 11. HP: 82/99 MP: 11/11
 10108 | D:9      | Reached skill level 1 in Evocations
 10686 | D:9      | Found a shimmering blue altar of Sif Muna.
 10884 | D:10     | Entered Level 10 of the Dungeon
 10951 | D:10     | Reached skill level 10 in Fighting
 11035 | D:10     | Found a stormy altar of Qazlal.
 11090 | D:10     | Found a runed translucent door.
 11093 | D:10     | Found a runed translucent door.
 11128 | D:10     | Noticed a yaktaur captain
 11128 | D:10     | Noticed a necromancer
 11129 | D:10     | Noticed a boulder beetle
 11129 | D:10     | Noticed a lich
 11129 | D:10     | Noticed ChadusMaximus's ghost (journeyman MiFi)
 11146 | D:10     | Found a burning altar of Makhleb.
 11194 | D:10     | Noticed a two-headed ogre
 11205 | D:10     | Killed a two-headed ogre
 11328 | D:10     | Noticed Amaemon
 11335 | D:10     | Killed Amaemon
 11336 | D:10     | Reached skill level 15 in Axes
 11790 | D:10     | Noticed Nergalle
 11804 | D:10     | Killed Nergalle
 11963 | D:10     | Noticed Snorg
 11981 | D:10     | Killed Snorg
 12289 | D:10     | Identified the ring of Dyk Bibb {Int+6 Dex+5}
 12289 | D:10     | Noticed a skeletal warrior
 12477 | D:11     | Found a staircase to the Orcish Mines.
 12484 | D:11     | Noticed a two-headed ogre
 12512 | D:11     | Killed a two-headed ogre
 12513 | D:11     | Reached XP level 12. HP: 108/108 MP: 9/12
 13059 | D:11     | Found a staircase to the Lair.
 13112 | D:11     | Reached skill level 16 in Axes
 13351 | D:11     | Identified the +2 leather armour of the Blue Dropbear
                  | {Dex+5}
 13552 | Lair:1   | Entered Level 1 of the Lair of Beasts
 14238 | Lair:1   | Noticed a boulder beetle
 14282 | Lair:1   | Killed a boulder beetle
 14513 | Lair:1   | Noticed a boulder beetle
 14535 | Lair:1   | Killed a boulder beetle
 14536 | Lair:1   | Reached skill level 5 in Evocations
 15153 | Lair:2   | Reached skill level 17 in Axes
 15776 | Lair:2   | Found a hole to the Spider Nest.
 15791 | Lair:2   | Reached XP level 13. HP: 29/117 MP: 6/13
 16400 | Lair:2   | Reached skill level 19 in Axes
 16400 | Lair:2   | Reached XP level 14. HP: 125/125 MP: 14/14
 16401 | Lair:2   | Reached XP level 15. HP: 132/132 MP: 15/15
 16921 | Lair:3   | Found a gate leading to a gauntlet.
 16925 | Gauntlet | Entered a Gauntlet
 16925 | Gauntlet | Found a transporter.
 16925 | Gauntlet | Found a transporter.
 16944 | Gauntlet | Found a transporter.
 16947 | Gauntlet | Found a transporter.
 16955 | Gauntlet | Found a transporter.
 16959 | Gauntlet | Found a transporter.
 16963 | Gauntlet | Found a runed translucent door.
 16963 | Gauntlet | Found a runed translucent door.
 16967 | Gauntlet | Found a transporter.
 16983 | Gauntlet | Found a transporter.
 17000 | Gauntlet | Found a transporter.
 17001 | Gauntlet | Found a transporter.
 17009 | Gauntlet | Found a transporter.
 17013 | Gauntlet | Found a transporter.
 17166 | Gauntlet | Identified the +0 cloak "Goum" {Regen+}
 17489 | Gauntlet | Identified the +5 sling "Muttinau" {speed, Fly rF+ rC-
                  | rN++}
 17489 | Gauntlet | Identified the ring "Fiohec Zurph" {*Corrode +Blink Int+4
                  | SInv}
 17970 | Lair:3   | Reached skill level 20 in Axes
 18110 | Lair:3   | Found a staircase to the Swamp.
 18137 | Lair:3   | Reached ***** piety under Trog
 18715 | Lair:4   | Identified the +3 ring mail of the Harp {-Tele +Inv rC+}
 19044 | Lair:4   | Reached skill level 1 in Throwing
 19594 | Lair:5   | Entered Level 5 of the Lair of Beasts
 20774 | Lair:5   | Received a gift from Trog
 20775 | Lair:5   | Reached XP level 16. HP: 143/147 MP: 12/16
 21341 | Lair:5   | Found a viscous altar of Jiyva.
 21342 | Lair:5   | Found a staircase to the Slime Pits.
 21800 | Orc:1    | Entered Level 1 of the Orcish Mines
 21800 | Orc:1    | Noticed Harold
 21804 | Orc:1    | Killed Harold
 22223 | Orc:1    | Found Zimyirch's Weapon Shoppe.
 22337 | Orc:2    | Entered Level 2 of the Orcish Mines
 22835 | Orc:2    | Found a staircase to the Elven Halls.
 23082 | Orc:2    | Reached skill level 5 in Throwing
 23111 | Orc:2    | Reached skill level 15 in Fighting
 23133 | Orc:2    | Reached ****** piety under Trog
 23395 | Orc:2    | Received a gift from Trog
 23498 | Orc:2    | Found a roughly hewn altar of Beogh.
 23546 | Orc:2    | Found Asaot Zosa's Magic Scroll Emporium.
 23546 | Orc:2    | Found Kossaimn's Antique Weapon Shop.
 23547 | Orc:2    | Found Huwairgh's Antique Weapon Boutique.
 23547 | Orc:2    | Found Bippadem's Armour Emporium.
 23554 | Orc:2    | Bought a scroll of summoning for 152 gold pieces
 23554 | Orc:2    | Bought a scroll of fog for 64 gold pieces
 23554 | Orc:2    | Bought a scroll of teleportation for 48 gold pieces
 23554 | Orc:2    | Bought a scroll of fog for 64 gold pieces
 23557 | Orc:2    | Bought a shimmering broad axe for 279 gold pieces
 23557 | Orc:2    | Identified the +10 broad axe of the Thirsty Tables
                  | {distort, rElec Int+6 Dex+7} (You bought it in a shop on
                  | level 2 of the Orcish Mines)
 23564 | Orc:2    | Bought the +8 chain mail of Wureu {rF+} for 702 gold pieces
 23896 | Swamp:1  | Entered Level 1 of the Swamp
 24250 | Swamp:1  | Found a shimmering altar of Xom.
 24564 | Swamp:1  | Found a burning altar of Makhleb.
 26356 | Swamp:3  | Reached XP level 17. HP: 137/158 MP: 12/17
 26727 | Swamp:4  | Entered Level 4 of the Swamp
 26762 | Swamp:4  | Identified the +13 chain mail of Aranid {Harm MP+9 Str-5
                  | Dex+9}
 27137 | Swamp:4  | HP: 9/237 [poisoned by a swamp dragon (poison gas)]
 27138 | Swamp:4  | Succumbed to a swamp dragon's poison gas

Illustrated notes

Levels and vault maps discovered:
D:1:      grunt_arrival_crossed_arrows, layout_loops_ring,
          hellmonk_ecumenical_altar_slurped_away
D:2:      layout_basic, basic_altar, serial_bayou_ford_a, grunt_ministairs_7,
          uniq_terence
D:3:      layout_loops_cross, lemuel_coloured_pillars_altar,
          chequers_temple_overflow_minitemple, serial_shops, shop_fountains,
          nicolae_shop_behind_doors, shop, nicolae_shop_statue_plus,
          minmay_misc_feat_more_columns
D:4:      layout_rooms, lemuel_temple_firewalk_b, minmay_misc_feat_tiny
D:5:      layout_gridville, nicolae_yredelemnul_corpse_copse, uniq_eustachio,
          uniq_sigmund, uniq_menkaure, uniq_grinder
D:6:      layout_cave_pods, mainiacjoe_overflow_paths, uniq_crazy_yiuf_cottage
D:7:      layout_loops_corners, zin_statuary, serial_shops, shop,
          kennysheep_small_circle, uniq_duvessa, uniq_maggie
D:8:      layout_cave_pools, chei_slow_surprise, amcnicky_altar_gilded,
          enter_bailey_5
D:9:      layout_roguey, kennysheep_orc_sif_temple, serial_shops, shop_coins,
          hellmonk_bongcloud_opening
D:10:     layout_stronghold, grunt_qazlal_sundering,
          mainiacjoe_overflow_six_doors_small, muffindrake_ghost_dual_entry,
          minmay_fractal_squares_gapless_5, uniq_amaemon, uniq_snorg,
          uniq_nergalle
D:11:     layout_loops_cross, lair_entry_dummy, david_orc_3
Lair:1:   layout_regular_city, serial_forest, infiniplex_forest_clump_small,
          infiniplex_forest_zigzag_1, infiniplex_forest_straight_2,
          infiniplex_forest_corner_1, infiniplex_forest_clump_large,
          infiniplex_forest_clump_medium, nzn_sisyphean_effort
Lair:2:   layout_cave_pods, spider_nest_entry_funnel_web
Lair:3:   layout_long_grid, minmay_swamp_entry_reptiles, gauntlet_entry_generic,
          infiniplex_staircase_pool_2
Lair:4:   layout_layer_cave, nicolae_quartered_pool_impasse, st_stairs_12,
          grunt_megastairs_4, lemuel_fruit_tree
Lair:5:   minmay_lair_end_frog_pond, layout_cave_shapes, slime_entry_1,
          grunt_forest_stairs_basic, dreamdust_wasp_nest
Swamp:1:  layout_basic_swamp, lemuel_altar_in_water, nicolae_swamp_godswood,
          kb_tengu_band
Swamp:2:  layout_basic_swamp, evilmike_swamp_ruin_house_2, swamp_pool5
Swamp:3:  layout_falls_marsh, nicolae_swamp_ascending_descending, swamp_pool2
Swamp:4:  swamp_old_school, layout_basic_swamp, swamp_pool1
Orc:1:    layout_caves, serial_shops, shop, lightli_orcish_oven, uniq_harold
Orc:2:    st_orc_ogre_mass, layout_diamond_mine, basic_altar

Skill      XL: |  1  2  3  4  5  6  7  8  9 10 11 12 13 14 15 16 17 |
---------------+----------------------------------------------------+-----
Fighting       | 4 5 6 7 8 9 10 11 14 15 16 | 16.1
Axes           | 5 6 7 8 10 11 12 14 15 17 19 20 | 20.6
Shields        | 1 3 4 6 |  6.0
Dodging        | 2 4 5 6 7 8 9 |  9.4
Armour         | 3 5 6 8 9 12 13 14 | 14.3
Evocations     | 3 5 6 7 |  7.7
Throwing       | 3 7 |  7.4

Action                   |  1- 3 |  4- 6 |  7- 9 | 10-12 | 13-15 | 16-18 || total
-------------------------+-------+-------+-------+-------+-------+-------++-------
Melee: Hand axe          |   103 |   203 |   255 |   587 |    95 |       ||  1243
       Broad axe         |       |       |       |       |   408 |   210 ||   618
       Morningstar       |       |       |       |       |    24 |       ||    24
       Battleaxe         |       |       |       |       |       |   253 ||   253
Throw: Boomerang         |       |       |       |       |    21 |   111 ||   132
Invok: Berserk           |     2 |     3 |     6 |     9 |     3 |     4 ||    27
       Trog's Hand       |       |       |     2 |     1 |       |     1 ||     4
       Brothers in Arms  |       |       |       |       |       |     1 ||     1
Evoke: Wand              |       |       |       |     2 |       |    14 ||    16
       Lightning rod     |       |       |       |       |       |     7 ||     7
       Phantom mirror    |       |       |       |       |       |     2 ||     2
  Use: Potion            |       |       |     1 |       |     5 |     4 ||    10
       Scroll            |       |       |     9 |     5 |    12 |     5 ||    31
 Stab: Invisible         |       |       |       |       |     5 |       ||     5
       Distracted        |       |       |       |       |       |     2 ||     2
Armor: Animal skin       |    15 |     6 |       |       |       |       ||    21
       Plate armour      |       |    94 |   119 |   140 |   107 |    82 ||   542
       Acid dragon scale |       |       |       |    73 |    56 |       ||   129
       Chain mail        |       |       |       |       |       |   132 ||   132
Dodge: Dodged            |    43 |    47 |    56 |   180 |   173 |   242 ||   741
Block: Buckler           |     6 |    13 |    26 |   100 |   176 |   139 ||   460
       Other             |       |       |       |       |       |    27 ||    27
       Reflection        |       |       |       |       |       |     9 ||     9
